 Dungeon Crawl Stone Soup version 0.30-a0-1160-g6e42c06551 (webtiles) character file.

Game seed: 15840451351232702622

3142 Lavandula the Cruncher (level 9, -2/69 HPs)
             Began as a Mummy Wanderer on Apr 27, 2023.
             Slain by a wight
             ... wielding a +2 halberd of flaming
              (6 damage)
             ... on level 8 of the Dungeon.
             The game lasted 00:16:44 (7240 turns).

Lavandula the Cruncher (Mummy Wanderer)             Turns: 7240, Time: 00:16:45

Health: -2/69      AC:  8    Str: 14    XL:     9   Next: 61%
Magic:  11/11      EV: 11    Int: 16    God:
Gold:   547        SH:  0    Dex: 12    Spells: 6/10 levels left

rFire   x . .        g - +3 quarterstaff (chaos)
rCold   + . .        (shield currently unavailable)
rNeg    + + +        o - +0 leather armour
rPois   ∞            (no helmet)
rElec   .            k - +1 cloak
rCorr   .            f - +2 pair of gloves
SInv    +            (no boots)
Will    +....        (no amulet)
Stlth   ++           j - ring of see invisible
HPRegen 0.31/turn    (no ring)
MPRegen 0.12/turn

%: faith
@: no status effects
A: cold resistance 1, negative energy resistance 3, torment resistance 2, heat
vulnerability 1, in touch with death 1, no potions, faith
a: no special abilities


You were on level 8 of the Dungeon.
You visited 2 branches of the dungeon, and saw 9 of its levels.
You also visited: Ossuary.

You collected 607 gold pieces.
You spent 60 gold pieces at shops.

Inventory:

Hand Weapons
 a - a +0 quarterstaff of venom
 g - a +3 quarterstaff of chaos (weapon)
Missiles
 c - 2 throwing nets
 i - 15 poisoned darts (quivered)
Armour
 f - a +2 pair of gloves (worn)
 k - a +1 cloak (worn)
 o - a +0 leather armour (worn)
Magical Staves
 n - the staff of fire "Zaskudoz" {rElec rF+ rN++}
   (You found it on level 4 of the Dungeon)

   [staff of fire]

   Base accuracy: +5 Base damage: 5 Base attack delay: 1.2 This weapon's minimum
   attack delay (0.6) is reached at skill level 12.
   rF:        It protects you from fire.
   rElec:     It insulates you from electricity.
   rN:        It greatly protects you from negative energy.
   It falls into the 'Staves' category.
   It is a one-handed weapon.
Jewellery
 j - a ring of see invisible (left hand)
Wands
 p - a wand of flame (9)
Scrolls
 b - 2 scrolls of torment {unknown}
 d - 3 scrolls of immolation
 h - a scroll of teleportation
 l - 4 scrolls of poison
 m - a scroll of magic mapping
 r - a scroll of brand weapon
 s - a scroll of blinking


   Skills:
 - Level 5.7 Fighting
 - Level 9.0 Staves
 + Level 3.8 Armour
 - Level 3.2 Stealth
 - Level 1.3 Spellcasting
 - Level 2.6 Hexes
 - Level 3.3 Necromancy
 - Level 1.0 Evocations


You had 6 spell levels left.
You knew the following spells:

 Your Spells              Type           Power      Damage    Failure   Level
a - Necrotise             Necr           68%        1d7       7%          1
b - Vampiric Draining     Necr           17%        2d7       21%         3

Your spell library contained the following spells:

 Spells                   Type           Power      Damage    Failure   Level
 Slow                     Hex            36%        N/A       9%          1
 Apportation              Tloc           2%         N/A       26%         1
 Confusing Touch          Hex            9%         N/A       26%         3
 Blink                    Tloc           2%         N/A       38%         2
 Lesser Beckoning         Tloc           2%         N/A       38%         2
 Momentum Strike          Conj/Tloc      2%         3d8       38%         2
 Gell's Gravitas          Tloc           1%         N/A       63%         3
 Hailstorm                Conj/Ice       1%         3d3       63%         3
 Teleport Other           Tloc           1%         N/A       63%         3
 Cause Fear               Hex            4%         N/A       65%         4
 Fulminant Prism          Conj/Hex       2%         3d5       83%         4
 Alistair's Intoxication  Tmut/Pois      0%         N/A       100%        5
 Conjure Ball Lightning   Conj/Air       0%         3x3d6     100%        6
 Simulacrum               Ice/Necr       4%         N/A       100%        6
 Enfeeble                 Hex            4%         N/A       100%        7
 Ice Form                 Ice/Tmut       Unusable   N/A       N/A         4

Dungeon Overview and Level Annotations

Branches:
Dungeon (8/15)             Temple (1/1) D:6         Ossuary (visited)
   Lair: D:8-11

Altars:
Ashenzari
Dithmenos
Gozag
Hepliaklqana
Makhleb
Nemelex Xobeh
Ru
Sif Muna
Trog
Uskayaw
Vehumet
Wu Jian
Xom
Yredelemnul

Shops:
D:2 ?

Annotations:
D:2 Sigmund
D:3 2 transporters, generaletaddeo's ghost, amateur FoHs
D:5 Pikel


Innate Abilities, Weirdness & Mutations

You are immune to poison.
Your flesh is cold resistant. (rC+)
You are immune to negative energy. (rN+++)
You are immune to unholy pain and torment.
You are vulnerable to heat. (rF-)
You are in touch with the powers of death.
You do not drink.
You have a special connection with the divine. (Faith)


Message History

The wight is almost destroyed.
The wight hits you with a +3 mace.
The wight hits you from afar with a +2 halberd of flaming.
The wight burns you.
You hit the wight.
You destroy the wight!
The wight hits you from afar with a +2 halberd of flaming.
The wight burns you.
The wight hits you with a +2 halberd of flaming!
The wight burns you.
Things that are here:
a +3 mace; a +0 robe You are too injured to fight recklessly!
You are too injured to fight recklessly!
You are too injured to fight recklessly!
You hit the wight.
The wight is lightly damaged.
The wight barely misses you.
You barely miss the wight.
The wight is lightly damaged.
You hit the wight.
The wight seems to speed up.
The wight is moderately damaged.
The wight hits you but does no damage.
The wight hits you with a +2 halberd of flaming!
The wight burns you.
* * * LOW HITPOINT WARNING * * *
You hit the wight.
The wight is heavily damaged.
The wight barely misses you.
You closely miss the wight.
The wight is heavily damaged.
The wight hits you with a +2 halberd of flaming!
* * * LOW HITPOINT WARNING * * *
The wight burns you.
* * * LOW HITPOINT WARNING * * *
Okay, then.
Okay, then.
The wight attacks as you move away! The wight misses you.
The wight hits you from afar with a +2 halberd of flaming.
You die...

### ########.#
#........#
#.######@#
#.######)#
#......#z#
####.###.###
#..........#
#.##.###.#.#
###.##.#.#.#.#
#........#.# .
#######.#.##.#....
#.


You could see a wight (fast).

Vanquished Creatures
  A swamp dragon (shapeshifter) (D:8)
  A hornet (D:8)
  Grinder (D:3)
  Eustachio (D:4)
  2 water moccasins
  An ice beast (D:6)
  A black bear (D:5)
  A centaur (D:8)
  2 kobold brigands (D:6)
  A gnoll sergeant (D:7)
  3 scorpions (D:6)
  4 wights (D:8)
  8 hounds
  A gnoll bouda (D:5)
  An orc priest (D:8)
  Crazy Yiuf (D:3)
  A jelly (D:6)
  3 sleepcaps
  3 iguanas
  2 orc wizards (D:6)
  8 mummies (Ossuary)
  11 gnolls
  5 adders
  A white imp (D:6)
  2 ufetubi
  A worm (D:5)
  2 dart slugs
  20 orcs
  6 ball pythons
  9 endoplasms
  4 giant cockroaches
  4 goblins
  4 hobgoblins
  10 kobolds
  5 bats
  2 frilled lizards (D:2)
  2 gnoll zombies (Ossuary)
  A hobgoblin zombie (Ossuary)
  A kobold zombie (Ossuary)
  4 orc zombies (Ossuary)
  3 rats
144 creatures vanquished.

Vanquished Creatures (collateral kills)
  A phantom (D:5)
  A hound (D:5)
  A sleepcap (D:5)
  An adder (D:5)
  A bat (D:1)
5 creatures vanquished.

Vanquished Creatures (others)
  2 hound zombies (D:5)
2 creatures vanquished.

Grand Total: 151 creatures vanquished

Notes
Turn   | Place    | Note
-------+----------+-------------------------------------------
     0 | D:1      | Lavandula the Mummy Wanderer began the quest for the Orb.
     0 | D:1      | Lavandula set off with the following items: a +0 club, a
                  | scroll of fear, a +0 robe, a +0 pair of gloves; and the
                  | following spells available to memorise: Slow, Necrotise,
                  | Confusing Touch, Vampiric Draining, Fulminant Prism.
     0 | D:1      | Reached XP level 1. HP: 13/13 MP: 2/2
     2 | D:1      | Learned a level 1 spell: Necrotise
   166 | D:1      | Found a faded altar of an unknown god.
   175 | D:1      | Reached XP level 2. HP: 19/19 MP: 0/4
  1389 | D:2      | Noticed Sigmund
  1562 | D:2      | Gained mutation: You are in touch with the powers of death.
                  | [Mummy growth]
  1562 | D:2      | Reached XP level 3. HP: 24/24 MP: 0/5
  1566 | D:2      | Learned a level 3 spell: Vampiric Draining
  1809 | D:2      | Found Xomeymuph's Magic Scroll Shop.
  1813 | D:2      | Bought a scroll of teleportation for 36 gold pieces
  1813 | D:2      | Bought a scroll of identify for 24 gold pieces
  1986 | D:3      | Reached skill level 1 in Staves
  2011 | D:3      | Found a burning altar of Makhleb.
  2174 | D:3      | Found a runed translucent door.
  2175 | D:3      | Noticed Crazy Yiuf
  2220 | D:3      | Noticed Grinder
  2241 | D:3      | Paralysed by Grinder for 2 turns
  2269 | D:3      | Paralysed by Grinder for 3 turns
  2276 | D:3      | Killed Grinder
  2277 | D:3      | Reached skill level 3 in Staves
  2277 | D:3      | Reached XP level 4. HP: 15/30 MP: 6/6
  2277 | D:3      | Reached XP level 5. HP: 17/35 MP: 7/7
  2488 | D:3      | Noticed generaletaddeo's ghost (amateur FoHs)
  2492 | D:3      | Found a transporter.
  2508 | D:3      | Found a transporter.
  2524 | D:3      | Reached skill level 4 in Staves
  2573 | D:3      | Reached XP level 6. HP: 36/41 MP: 8/8
  2602 | D:3      | Found a bloodstained altar of Trog.
  2911 | D:3      | Killed Crazy Yiuf
  3149 | D:4      | Identified the staff of fire "Zaskudoz" {rElec rF+ rN++}
  3214 | D:4      | Noticed Eustachio
  3237 | D:4      | Killed Eustachio
  3238 | D:4      | Reached skill level 5 in Staves
  3286 | D:4      | Reached XP level 7. HP: 46/46 MP: 9/9
  3452 | D:4      | Noticed an angel
  3454 | D:4      | Found a shimmering altar of Xom.
  3614 | D:5      | Entered Level 5 of the Dungeon
  3758 | D:5      | Reached skill level 6 in Staves
  3923 | D:5      | Reached skill level 7 in Staves
  3984 | D:5      | Reached XP level 8. HP: 37/52 MP: 10/10
  4228 | D:5      | Found an ornate altar of the Wu Jian Council.
  4248 | D:5      | Found a sacrificial altar of Ru.
  4295 | D:5      | Noticed Pikel
  4482 | D:6      | Found a staircase to the Ecumenical Temple.
  4499 | D:6      | Reached skill level 8 in Staves
  4520 | Temple   | Entered the Ecumenical Temple
  4638 | D:6      | Found a radiant altar of Vehumet.
  4804 | D:6      | Found a broken altar of Ashenzari.
  4868 | D:6      | Found a basalt altar of Yredelemnul.
  5006 | D:6      | Found a hide-covered altar of Uskayaw.
  5015 | D:6      | Reached skill level 9 in Staves
  5116 | D:6      | Reached skill level 1 in Fighting
  5136 | D:6      | Found a shadowy altar of Dithmenos.
  5138 | D:6      | Got the Volume of Bad Luck and Aeromancy
  5972 | D:8      | Reached XP level 9. HP: 50/64 MP: 11/11
  6046 | D:8      | Found an opulent altar of Gozag.
  6111 | D:8      | a shapeshifter changed into a fire crab
  6111 | D:8      | Noticed a fire crab (shapeshifter)
  6114 | D:8      | a fire crab changed into a swamp dragon
  6114 | D:8      | Noticed a swamp dragon (shapeshifter)
  6120 | D:8      | Killed a swamp dragon
  6121 | D:8      | Reached skill level 5 in Fighting
  6122 | D:8      | Found a sand-covered staircase.
  6133 | Ossuary  | Entered an ossuary
  6215 | Ossuary  | Reached skill level 1 in Armour
  6881 | D:8      | Found a sparkling altar of Nemelex Xobeh.
  6984 | D:8      | Found a shimmering blue altar of Sif Muna.
  7240 | D:8      | Slain by a wight

Illustrated notes

Levels and vault maps discovered:
D:1:      minmay_arrival_checkered_box, layout_basic,
          hellmonk_ecumenical_altar_zigzags
D:2:      layout_rooms, serial_glass, glass_columns_b, glass_columns_a,
          serial_shops, nicolae_shop_back_alley_shop,
          ebering_dispersal_statue_hall, uniq_sigmund
D:3:      layout_rooms, mainiacjoe_overflow_24_doors, bloody_makhleb,
          gammafunk_ghost_arena, roderic_roman_lattice, uniq_grinder,
          uniq_crazy_yiuf_cottage
D:4:      layout_loops_cross, grunt_temple_overflow_order_and_chaos_1,
          uniq_eustachio
D:5:      layout_basic, nicolae_overflow_crystal_walls,
          nicolae_ru_path_of_blood, uniq_pikel
D:6:      layout_rooms, kennysheep_ying_yang, lemuel_tele_altar,
          mainiacjoe_overflow_small_starburst, nicolae_uskayaw_dance_studio,
          lemuel_crystal_altar, temple_pool_b
D:7:      layout_cave_pools, biasface_ghost_orc_armoury, serial_shops, shop
D:8:      layout_basic, grunt_gozag_breadcrumbs, lemuel_crystal_altar,
          mainiacjoe_overflow_brackets, nemelex_spade_bored_becter,
          lightli_ossuary_entry_decrepit_ruins, uniq_erica
Temple:   ebering_the_one_and_only

Skill      XL: |  1  2  3  4  5  6  7  8  9 |
---------------+----------------------------+-----
Necromancy     | 2 3 |  3.3
Staves         | 3 4 5 7 9 |  9.0
Fighting       | 3 5 |  5.7
Armour         | 3 |  3.8
Stealth        | |  3.2
Spellcasting   | |  1.3
Hexes          | |  2.6
Evocations     | |  1.0

Action                     |  1- 3 |  4- 6 |  7- 9 || total
---------------------------+-------+-------+-------++-------
  Melee: Whip              |    14 |       |       ||    14
         Quarterstaff      |    45 |    44 |   386 ||   475
  Throw: Dart              |     2 |     2 |     8 ||    12
   Cast: Necrotise         |    43 |       |       ||    43
  Evoke: Wand              |       |       |    15 ||    15
    Use: Scroll            |     2 |     6 |    11 ||    19
   Stab: Sleeping          |     2 |     3 |     2 ||     7
         Distracted        |       |       |     4 ||     4
         Paralysed         |       |       |     7 ||     7
 Armour: Robe              |    21 |    10 |       ||    31
         Leather armour    |       |     2 |   120 ||   122
  Dodge: Dodged            |    35 |    29 |   207 ||   271

Table legend: (Time is in decaauts)
 A = Elapsed time spent in this place.
 B = Non-inter-level travel time spent in this place.
 C = Inter-level travel time spent in this place.
 D = Time resting spent in this place.
 E = Time spent auto-exploring this place.
 F = Levels seen in this place.
 G = Mean time per level.
                   A        B        C        D        E       F      G
               +--------+--------+--------+--------+--------+-----+--------+
         Total |   7218 |   6848 |    370 |    766 |   4472 |  10 |  721.8 |
       Dungeon |   6869 |   6500 |    369 |    719 |   4296 |   8 |  858.6 |
        Temple |      5 |      5 |      0 |      0 |      0 |   1 |    5.0 |
       Ossuary |    344 |    344 |      0 |     47 |    176 |   1 |  344.0 |
               +--------+--------+--------+--------+--------+-----+--------+

Top non-repeatable levels by time:
     D:1: 1444 daAuts
     D:6: 1349 daAuts
     D:3: 937 daAuts
     D:8: 910 daAuts
     D:4: 761 daAuts
     D:5: 621 daAuts
     D:2: 591 daAuts
 Ossuary: 344 daAuts
     D:7: 252 daAuts
  Temple: 5 daAuts
